 Dungeon Crawl Stone Soup version 0.31-a0-117-g42d8f58691 (webtiles) character file.

Game seed: 11726320182324997349

25 lunkers the Slasher (level 2, -2/25 HPs)
             Began as a Demigod Fighter on May 30, 2023.
             Slain by a hobgoblin (6 damage)
             ... led by Robin
             ... on level 2 of the Dungeon.
             The game lasted 00:01:08 (623 turns).

lunkers the Slasher (Demigod Fighter)                Turns: 623, Time: 00:01:09

Health: -2/25      AC:  6    Str: 17    XL:     2   Next: 63%
Magic:  4/4        EV:  9    Int: 10    God:
Gold:   73         SH:  4    Dex: 13    Spells: 1/1 levels left

rFire   . . .        a - +0 long sword
rCold   . . .        c - +0 buckler
rNeg    . . .        b - +0 scale mail
rPois   .            (no helmet)
rElec   .            (no cloak)
rCorr   .            (no gloves)
SInv    .            (no boots)
Will    .....        (no amulet) Stlth
                     (no ring)
HPRegen 0.24/turn    (no ring)
MPRegen 0.09/turn

%: no passive effects
@: no status effects
A: high MP 1, forlorn, divine attributes
a: no special abilities


You were on level 2 of the Dungeon.
You visited 1 branch of the dungeon, and saw 2 of its levels.

You collected 73 gold pieces.

Inventory:

Hand Weapons
 a - a +0 long sword (weapon)
Missiles
 j - a throwing net
Armour
 b - a +0 scale mail (worn)
 c - a +0 buckler (worn)
Scrolls
 f - a scroll of identify {unknown}
 g - a scroll of vulnerability {unknown}
 h - a scroll of fear {unknown}
 i - a scroll of enchant armour {unknown}
Potions
 d - a potion of might
 e - a potion of invisibility {unknown}


   Skills:
 - Level 2.6 Fighting
 + Level 3.1 Long Blades
 - Level 2.6 Armour
 - Level 2.6 Shields


You had one spell level left.
You didn't know any spells.
Your spell library was empty.

Dungeon Overview and Level Annotations

Branches:
Dungeon (2/15)

Annotations:
D:2 Robin


Innate Abilities, Weirdness & Mutations

You have an increased reservoir of magic. (+10% MP)
You shall have no god before yourself.
Your divine heritage dramatically boosts your attributes as you level up.


Message History

* * * LOW HITPOINT WARNING * * *
You hear a shout!
You closely miss the goblin. Robin throws the goblin at you!
The hobgoblin hits you.
* * * LOW HITPOINT WARNING * * *
You block the goblin's attack. The hobgoblin barely misses you.
A goblin comes into view. It is wielding a +0 club.
The goblin hits you but does no damage. The goblin barely misses you.
Unknown command.
You closely miss the goblin. The goblin closely misses you.
The goblin misses you. The hobgoblin barely misses you.
Unknown command.
Unknown command.
You barely miss the goblin. The goblin barely misses you.
Robin's bangles clink loudly.
The hobgoblin closely misses you. The goblin hits you with a +0 dagger.
* * * LOW HITPOINT WARNING * * *
You slash the goblin!
You kill the goblin!
The goblin hits you with a +0 dagger.
* * * LOW HITPOINT WARNING * * *
The hobgoblin closely misses you.
Robin says, "My goblins will feast on your bones."
Robin throws the goblin at you! The goblin hits you but does no damage.
You barely miss the goblin. The goblin closely misses you.
The hobgoblin hits you but does no damage.
The goblin closely misses you. You block the goblin's attack.
The hobgoblin hits you but does no damage.
The goblin barely misses you.
Unknown command.
You closely miss the goblin.
The hobgoblin hits you but does no damage.
The goblin hits you but does no damage. x2
Unknown command.
You slash the goblin!
You kill the goblin!
The goblin hits you with a +0 dagger.
* * * LOW HITPOINT WARNING * * *
The hobgoblin hits you.
You die...

#.####..# ######
##.......# .....#
#.....#### .....#
#.##†.# .....#
#.#...# .....#
#.....# ######
#####.#
##############)#
####........gggg@g#
.....>.......gg####
............##.#
............##.#
...#...........#
...#........####
...#.#......#
...####.....# ...#
##....#


You could see Robin, a hobgoblin (strong) and 5 goblins.

Vanquished Creatures
  3 ball pythons
  3 endoplasms (D:1)
  2 giant cockroaches (D:1)
  3 goblins (D:2)
  2 hobgoblins
  2 kobolds (D:1)
  A quokka (D:1)
  3 bats
  2 frilled lizards (D:1)
  2 rats (D:1)
23 creatures vanquished.

Notes
Turn   | Place    | Note
-------+----------+-------------------------------------------
     0 | D:1      | lunkers the Demigod Fighter began the quest for the Orb.
     0 | D:1      | Reached XP level 1. HP: 18/18 MP: 3/3
    87 | D:1      | Reached skill level 2 in Long Blades
   267 | D:1      | Reached XP level 2. HP: 21/25 MP: 4/4
   514 | D:2      | Reached skill level 3 in Long Blades
   576 | D:2      | Noticed Robin
   623 | D:2      | Slain by a hobgoblin

Illustrated notes

Levels and vault maps discovered:
D:1:      minmay_arrival_jagged, layout_loops_ring,
          shapermc_ecumenical_altar_flowoftime, hangedman_decor_points, hex_tiny
D:2:      layout_basic, minmay_misc_feat_encased, minivault_26,
          nrook_loot_triangle, minmay_crystal_room, kennysheep_potato,
          uniq_robin

Skill      XL: |  1  2 |
---------------+-------+-----
Long Blades    | 2 3 |  3.1
Fighting       | |  2.6
Armour         | |  2.6
Shields        | |  2.6

Action                     || total
---------------------------++-------
  Melee: Long sword        ||    77
 Armour: Scale mail        ||    52
  Dodge: Dodged            ||    52
  Block: Buckler           ||    26

Table legend: (Time is in decaauts)
 A = Elapsed time spent in this place.
 B = Non-inter-level travel time spent in this place.
 C = Inter-level travel time spent in this place.
 D = Time resting spent in this place.
 E = Time spent auto-exploring this place.
 F = Levels seen in this place.
 G = Mean time per level.
                   A        B        C        D        E       F      G
               +--------+--------+--------+--------+--------+-----+--------+
         Total |    647 |    647 |      0 |      0 |    430 |   2 |  323.5 |
       Dungeon |    647 |    647 |      0 |      0 |    430 |   2 |  323.5 |
               +--------+--------+--------+--------+--------+-----+--------+

Top non-repeatable levels by time:
     D:1: 438 daAuts
     D:2: 208 daAuts
